 Dungeon Crawl Stone Soup version 0.29.1-15-g9cfb28693d (webtiles) character file.

Game seed: 14781930837268877707

191 Andrakon the Stinger (level 6, 0/35 HPs)
             Began as a Kobold Venom Mage on Mar 7, 2023.
             Slain by an orc
             ... wielding a +0 falchion
              (1 damage)
             ... on level 3 of the Dungeon.
             The game lasted 00:28:03 (3293 turns).

Andrakon the Stinger (Kobold Venom Mage)            Turns: 3293, Time: 00:28:04

Health: 0/35       AC:  5    Str:  7    XL:     6   Next: 2%
Magic:  1/10       EV: 15    Int: 17    God:
Gold:   77         SH:  0    Dex: 15    Spells: 8/11 levels left

rFire   . . .      SeeInvis .   o - +0 short sword
rCold   . . .      Faith    .   (no shield)
rNeg    . . .      Spirit   .   s - +1 animal skin
rPois   .          Reflect  .   n - +0 helmet
rElec   .          Harm     .   (no cloak)
rCorr   .          Rampage  .   (no gloves)
Will    .....                   t - +0 pair of boots
Stlth   +++.......              (no amulet)
HPRegen 0.11/turn               (no ring)
MPRegen 0.12/turn               (no ring)

@: no status effects
A: small, no large weapons, nightstalker 3
a: no special abilities


You were on level 3 of the Dungeon.
You visited 1 branch of the dungeon, and saw 4 of its levels.

You collected 77 gold pieces.

Inventory:

Hand Weapons
 o - a +0 short sword (weapon)
 w - a +2 sling of flaming
Missiles
 f - 41 stones
Armour
 a - a +0 robe
 g - a +0 ring mail
 n - a +0 helmet (worn)
 q - a +0 chain mail
 s - a +1 animal skin (worn)
 t - a +0 pair of boots (worn)
Scrolls
 h - 3 scrolls of brand weapon {unknown}
 i - a scroll of vulnerability {unknown}
 j - 4 scrolls of identify {unknown}
 k - a scroll of magic mapping {unknown}
 l - a scroll of silence {unknown}
 p - 2 scrolls of teleportation {unknown}
 r - a scroll of immolation {unknown}
 v - a scroll of enchant armour {unknown}
 x - a scroll of noise {unknown}
Potions
 b - a potion of magic
 c - 3 potions of might {unknown}
 e - 3 potions of heal wounds {unknown}
 m - 2 potions of curing
 u - 2 potions of flight {unknown}


   Skills:
 + Level 1.7 Fighting
 - Level 1.0 Short Blades
 + Level 2.7 Dodging
 - Level 3.0 Stealth
 - Level 3.0 Spellcasting
 - Level 1.5 Transmutations
 + Level 2.4 Air Magic
 * Level 4.1 Poison Magic


You had 8 spell levels left.
You knew the following spells:

 Your Spells              Type           Power      Damage    Failure   Level
a - Sting                 Tmut/Pois      48%        1d5       5%          1
b - Poisonous Vapours     Pois/Air       26%        N/A       7%          2

Your spell library contained the following spells:

 Spells                   Type           Power      Damage    Failure   Level
 Shock                    Conj/Air       24%        1d4       11%         1
 Mephitic Cloud           Conj/Pois/Air  10%        N/A       22%         3
 Olgreb's Toxic Radiance  Pois           16%        N/A       30%         4
 Portal Projectile        Hex/Tloc       4%         N/A       45%         3
 Stone Arrow              Conj/Erth      4%         3d7       45%         3
 Tukima's Dance           Hex            2%         N/A       45%         3
 Animate Armour           Summ/Erth      4%         N/A       86%         4
 Blade Hands              Tmut           3%         N/A       95%         5
 Lehudib's Crystal Spear  Conj/Erth      1%         10d2      100%        8


Dungeon Overview and Level Annotations

Branches:
Dungeon (4/15)
 Temple: D:4-7

Altars:
Ashenzari
Vehumet


Innate Abilities, Weirdness & Mutations

You are small and have problems with some larger weapons.
You are completely attuned to the shadows.


Message History

Press: ? - help, Q - select action, (/) - cycle Shift-Dir - straight line, f/p - orc priest
Aim: an orc priest, wielding a +0 hand axe (moderately wounded, poisoned, 71% to hit)
You miscast Sting.
You are very lightly contaminated with residual magic.
Nothing appears to happen.
The orc priest attacks as you move away!
The orc priest hits you with a +0 hand axe.
* * * LOW HITPOINT WARNING * * *
The orc barely misses you.
As you read the scroll labelled NONEITI RIUNTA, it crumbles to dust.
It is a scroll of amnesia.
Okay, then.
The orc closely misses you. The orc priest closely misses you.
Okay, then.
You feel better. The orc hits you with a +0 falchion.
The orc priest completely misses you.
Aiming: Sting (safe; 5% risk of failure)
Press: ? - help, Q - select action, (/) - cycle Shift-Dir - straight line, f - orc, p - orc priest
Aim: an orc, wielding a +0 falchion (71% to hit)
The sting hits the orc.
The orc is poisoned.
The orc is moderately wounded.
The orc priest looks more healthy.
The orc hits you with a +0 falchion. The orc priest closely misses you.
You barely miss the orc.
The orc is heavily wounded.
The orc misses you.
The orc priest hits you with a +0 hand axe.
* * * LOW HITPOINT WARNING * * *
You hit the orc.
The orc is severely wounded.
The orc barely misses you.
The orc priest calls upon Beogh to heal the orc.
The orc is healed somewhat.
Your magical contamination has completely faded away.
The orc attacks as you move away! The orc misses you.
The orc priest invokes the aid of Beogh against you.
Beogh smites you!
* * * LOW HITPOINT WARNING * * *
The orc attacks as you move away! The orc hits you with a +0 falchion.
You die...

+...........#.#.#.......#.#.##
#...........#...##.###.##...#
#...[.......#.#...........#.##
#.............##.###.###.##..#
#...........#...............##
##############.###.###.###.## #
#.# ### ####..# #
#.##########.###
##############..@oo.........#
..........#..........>......#
..........#.................#
..........#.............)...#
..........#.............<...#####
..........#######......[....'...#
..........# #...........###.#
..........# #......[....# #.#
..........# #...........# #.#


You could see an orc priest and an orc (poisoned).

Vanquished Creatures
  An orc priest (D:4)
  2 orc wizards
  Robin (D:3)
  4 gnolls (D:3)
  A dart slug (D:1)
  2 orcs
  5 endoplasms
  2 giant cockroaches
  9 goblins
  11 hobgoblins
  2 jackals (D:1)
  4 quokkas
  A ball python (D:2)
  3 bats
  2 frilled lizards
  4 kobolds
  4 rats
58 creatures vanquished.

Vanquished Creatures (others)
  A plant (D:3)
1 creature vanquished.

Grand Total: 59 creatures vanquished

Notes
Turn   | Place    | Note
-------+----------+-------------------------------------------
     0 | D:1      | Andrakon the Kobold Venom Mage began the quest for the Orb.
     0 | D:1      | Reached XP level 1. HP: 10/10 MP: 3/3
   348 | D:1      | Reached XP level 2. HP: 16/16 MP: 5/5
   358 | D:1      | Reached skill level 1 in Fighting
  1229 | D:1      | Reached XP level 3. HP: 20/20 MP: 6/6
  1534 | D:2      | Reached skill level 1 in Short Blades
  1542 | D:2      | Found a faded altar of an unknown god.
  1547 | D:2      | Got Plato's Compilation of Fog
  1552 | D:2      | Learned a level 2 spell: Poisonous Vapours
  2059 | D:3      | Reached skill level 1 in Air Magic
  2059 | D:3      | Reached XP level 4. HP: 24/25 MP: 6/8
  2264 | D:3      | Found a broken altar of Ashenzari.
  2282 | D:3      | Noticed Robin
  2321 | D:3      | Killed Robin
  2637 | D:3      | Found a radiant altar of Vehumet.
  2900 | D:3      | Reached XP level 5. HP: 29/29 MP: 7/9
  3261 | D:4      | Reached skill level 4 in Poison Magic
  3276 | D:4      | Reached XP level 6. HP: 16/35 MP: 2/10
  3292 | D:3      | HP: 1/35 [orc priest/divine providence (9)]
  3293 | D:3      | Slain by an orc

Illustrated notes

Levels and vault maps discovered:
D:1:      minmay_arrival_five_plusses, layout_loops_ring,
          minmay_misc_feat_alley, bh_walls_and_bars
D:2:      layout_loops_ring, shapermc_ecumenical_altar_rom_forum,
          minmay_misc_feat_rows
D:3:      layout_basic, vehumet_crystals, nicolae_ashenzari_panopticon,
          nicolae_concentric_dashed_squares_wild, guppyfry_early_lair_pool,
          uniq_robin
D:4:      layout_gridville, uniq_natasha

Skill      XL: |  1  2  3  4  5 |
---------------+----------------+-----
Fighting       | 1 |  1.7
Short Blades   | 1 |  1.0
Air Magic      | 1 2 |  2.4
Spellcasting   | 3 |  3.0
Stealth        | 3 |  3.0
Poison Magic   | 4 |  4.1
Dodging        | |  2.7
Transmutations | |  1.5

Action                   |  1- 3 |  4- 6 || total
-------------------------+-------+-------++-------
Melee: Club              |     6 |       ||     6
       Dagger            |    30 |       ||    30
       Punch             |     2 |       ||     2
       Short sword       |    23 |    49 ||    72
 Cast: Sting             |    20 |    37 ||    57
       Poisonous Vapours |       |     1 ||     1
  Use: Scroll            |       |     1 ||     1
       Potion            |       |     1 ||     1
 Stab: Sleeping          |    15 |     7 ||    22
Armor: Robe              |     7 |     8 ||    15
       Ring mail         |     4 |     2 ||     6
       Animal skin       |       |     3 ||     3
Dodge: Dodged            |    33 |    73 ||   106
